 Dungeon Crawl Stone Soup version 0.28.0-45-g0d030f2227 (webtiles) character file.

Game seed: 978422560729345663

58 GigaChad the Covered (level 3, -3/33 HPs)
             Began as a Minotaur Fighter on Apr 21, 2022.
             Slain by Crazy Yiuf
             ... wielding a +3 quarterstaff of chaos
              (11 damage)
             ... on level 2 of the Dungeon.
             The game lasted 00:02:35 (828 turns).

GigaChad the Covered (Minotaur Fighter)              Turns: 828, Time: 00:02:35

Health: -3/33      AC:  7    Str: 20    XL:     3   Next: 75%
Magic:  2/2        EV:  9    Int:  5    God:
Gold:   40         SH:  4    Dex: 11    Spells: 2/2 levels left

rFire   . . .      SeeInvis .   a - +0 long sword
rCold   . . .      Faith    .   c - +0 buckler
rNeg    . . .      Spirit   .   b - +0 scale mail
rPois   .          Reflect  .   (helmet restricted)
rElec   .          Harm     .   (no cloak)
rCorr   .          Rampage  .   (no gloves)
Will    .....                   (no boots)
Stlth   ..........              (no amulet)
HPRegen 0.11/turn               (no ring)
MPRegen 0.08/turn               (no ring)

@: silenced (expiring), weak-willed
A: horns 2, retaliatory headbutt
a: no special abilities


You were on level 2 of the Dungeon.
You visited 1 branch of the dungeon, and saw 2 of its levels.

You collected 40 gold pieces.

Inventory:

Hand Weapons
 a - a +0 long sword (weapon)
Armour
 b - a +0 scale mail (worn)
 c - a +0 buckler (worn)
Potions
 d - a potion of might
 e - 2 potions of attraction {unknown}
 f - a potion of mutation {unknown}
 h - a potion of curing {unknown}


   Skills:
 + Level 4.2 Fighting
 + Level 3.1 Long Blades
 + Level 4.4 Armour
 + Level 0.7 Dodging
 + Level 4.0 Shields


You had 2 spell levels left.
You didn't know any spells.
Your spell library was empty.

Dungeon Overview and Level Annotations

Branches:
Dungeon (2/15)

Altars:

Shops:
D:1 [

Annotations:
D:2 Crazy Yiuf


Innate Abilities, Weirdness & Mutations

You have a pair of horns on your head.
You reflexively headbutt those who attack you in melee.


Message History

Your Long Blades skill increases to level 3!
Your Shields skill increases to level 4!
Things that are here:
a +0 hand axe; a +0 scale mail of poison resistance; the human corpse of Terence
i - a scroll labelled NOHASITIMI
There are no items here.
As you read the scroll labelled JECEMPYMAC, it crumbles to dust.
Magic quickly surges around you.
It was a scroll of vulnerability.
As you read the scroll labelled NOHASITIMI, it crumbles to dust.
A profound silence engulfs you.
It was a scroll of silence.
Found a mace.
Found a mace.
Found a mace.
You slash the fungus!
The fungus begins to die.
You headbutt the fungus.
The fungus is lightly damaged.
You see here a +0 mace.
A nearby fungus withers and dies.
You see here a +0 mace.
Found seven maces.
Found a runed translucent door.
You see here a +0 mace.
Found a glowing mace.
Crazy Yiuf twirls on the spot.
You see here a +0 mace.
You see here a +0 mace.
Found three maces.
You see here a +0 mace.
You open the door. You block Crazy Yiuf's attack.
You closely miss Crazy Yiuf.
Crazy Yiuf hits you with a +3 quarterstaff of chaos.
Crazy Yiuf burns you.
You barely miss Crazy Yiuf. Crazy Yiuf hits you but does no damage.
You closely miss Crazy Yiuf. Your headbutt misses Crazy Yiuf.
Crazy Yiuf closely misses you. You block Crazy Yiuf's attack.
You hit Crazy Yiuf but do no damage.
Crazy Yiuf hits you with a +3 quarterstaff of chaos!
Crazy Yiuf burns you.
* * * LOW HITPOINT WARNING * * *
You closely miss Crazy Yiuf.
Crazy Yiuf hits you with a +3 quarterstaff of chaos!
You die...

#).(...###....<#
.......##..#####
......###..# .####.#
#..# ##### .
#.###..# #).)#
#......# #)))#
#.###..# )))
####.###..# #g#
#.........# ♣♣@♣
#.##......# ♣)♣♣
#.######### ♣♣)♣ #.#
♣)♣♣ #.# ♣♣)♣♣ #.#
###### ♣).P♣♣ #.#
##.... ♣....♣
#.###...## #....#
##.##.#.#.#####..###


You could see Crazy Yiuf.

Vanquished Creatures
  Terence (D:2)
  A dart slug (D:1)
  3 ball pythons
  2 endoplasms
  2 giant cockroaches (D:1)
  3 goblins (D:1)
  4 hobgoblins
  4 kobolds
  2 quokkas
  5 bats
  A frilled lizard (D:1)
  A rat (D:1)
29 creatures vanquished.

Vanquished Creatures (others)
  A fungus (D:2)
1 creature vanquished.

Grand Total: 30 creatures vanquished

Notes
Turn   | Place    | Note
-------+----------+-------------------------------------------
     0 | D:1      | GigaChad the Minotaur Fighter began the quest for the Orb.
     0 | D:1      | Reached XP level 1. HP: 19/19 MP: 0/0
   347 | D:1      | Reached XP level 2. HP: 21/27 MP: 1/1
   351 | D:1      | Found Opugidd's Armour Boutique.
   697 | D:1      | You fall into a shaft and drop 1 floor!
   705 | D:2      | Reached XP level 3. HP: 33/33 MP: 2/2
   785 | D:2      | Noticed Terence
   793 | D:2      | Killed Terence
   819 | D:2      | Found a runed translucent door.
   820 | D:2      | Noticed Crazy Yiuf
   828 | D:2      | Slain by Crazy Yiuf

Illustrated notes

Levels and vault maps discovered:
D:1:      heliophobic_arrival_glass_houses, layout_loops_ring, serial_shops,
          shop_fountains, minmay_misc_feat_nine_boxes
D:2:      layout_loops_ring, hellmonk_ecumenical_altar_leap_of_faith,
          minmay_pentomino_s2, uniq_robin, uniq_crazy_yiuf_cottage, uniq_terence

Skill      XL: |  1  2  3 |
---------------+----------+-----
Fighting       | 4 |  4.2
Armour         | 4 |  4.4
Long Blades    | 3 |  3.1
Shields        | 4 |  4.0
Dodging        | |  0.7

Action                   || total
-------------------------++-------
Melee: Long sword        ||    57
       Headbutt          ||    12
  Use: Scroll            ||     2
Armor: Scale mail        ||    35
Dodge: Dodged            ||    33
Block: Buckler           ||    12
